 Dungeon Crawl Stone Soup version 0.18.1-50-g88ac8fd (webtiles) character file.

252 Grimoiregrey the Shield-Bearer (level 6, -1/53 HPs)
             Began as a Hill Orc Fighter on Jan 18, 2018.
             Succumbed to Edmund's poison
             ... on level 4 of the Dungeon.
             The game lasted 00:29:27 (3159 turns).

Grimoiregrey the Shield-Bearer (Hill Orc Fighter)   Turns: 3159, Time: 00:29:28

Health: -1/53      AC: 12    Str: 20    XL:     6   Next: 14%
Magic:  15/15      EV:  4    Int:  8    God:
Gold:   214        SH: 10    Dex: 11    Spells: 0 memorised, 5 levels left

rFire  . . .     SeeInvis .     a - +0 war axe
rCold  . . .     Gourm    .     v - +0 plate armour
rNeg   + . .     Faith    .     c - +0 shield
rPois  .         Spirit   .     (no helmet)
rElec  .         Dismiss  .     (no cloak)
rCorr  .         Reflect  .     (no gloves)
SustAt .         Harm     .     (no boots)
MR     .....                    (no amulet)
Stlth  ..........               s - ring of magical power
                                k - ring of positive energy

@: lethally poisoned (-1 -> -13), not resistant to hostile enchantments,
extremely unstealthy
A: no striking features
a: no special abilities


You were on level 4 of the Dungeon.
You were not hungry.

You visited 1 branch of the dungeon, and saw 4 of its levels.

You collected 214 gold pieces.

Inventory:

Hand Weapons
 a - a +0 war axe (weapon)
 w - a +0 war axe
Missiles
 e - 32 poisoned needles
Armour
 b - a +0 scale mail
 c - a +0 shield (worn)
 t - a +0 chain mail
 v - a +0 plate armour (worn)
 x - a +0 shield
Jewellery
 k - a ring of positive energy (left hand)
 s - a ring of magical power (right hand)
Wands
 m - a wand of slowing (31/48)
 y - a wand of lightning (9/15)
Scrolls
 i - a scroll of teleportation
 r - a scroll of remove curse
 u - 2 scrolls of identify
Potions
 d - a potion of might
 h - a potion of heal wounds {unknown}
 j - a potion of haste
 l - a potion of lignification {unknown}
 n - a potion of degeneration {unknown}
 o - a potion of cancellation {unknown}
 p - a potion of curing {unknown}
 q - a potion of brilliance {unknown}
Comestibles
 f - 4 bread rations
 g - 2 beef jerkies


   Skills:
 + Level 4.4 Fighting
 + Level 3.7 Axes
 + Level 4.6 Armour
 + Level 1.1 Dodging
 + Level 0.3 Stealth
 + Level 5.1 Shields


You had 5 spell levels left.
You didn't know any spells.

Dungeon Overview and Level Annotations

Branches:
Dungeon (4/15)
 Temple: D:4-7

Altars:
Pakellas
Vehumet

Shops:
D:2 }

Annotations:
D:4 Edmund


Message History

You closely miss the quokka.
* * * LOW HITPOINT WARNING * * *
You feel sick. You block the quokka's attack.
You hit the quokka but do no damage.
* * * LOW HITPOINT WARNING * * *
You feel sick. You block the quokka's attack. The quokka barely misses you.
You miss the quokka.
* * * LOW HITPOINT WARNING * * *
You feel sick.
Edmund mutters, "Who needs spells, anyway?"
You block the quokka's attack. What do you say? t - Shout!
Orders for allies: a - Attack new target. r - Retreat! s - Stop attacking. w - Wait here. f - Follow me.
Anything else - Stay silent.
Okay, then.
You miss the quokka.
You die...

#....# ##.
#....####..
#..........
#....#.....
..............
####......####
#......##
..##########..##.###
#......@r@#..# #.
#########....# #.
########## ##.#..#
..>......#########..#
.#
.........#.........##
.#
.........#.#########
# # .........#.#
####.##....#
#.###.###


You could see Edmund and a quokka.

Vanquished Creatures
  An iguana (D:4)
  An orc wizard (D:3)
  4 worker ants (D:4)
  4 adders
  An ooze (D:1)
  An adder skeleton (D:4)
  2 worms
  A dart slug (D:1)
  3 giant geckos
  6 orcs
  2 giant cockroaches
  5 goblins
  6 hobgoblins
  A jackal (D:3)
  A kobold (D:2)
  A quokka (D:3)
  5 bats
  3 giant newts
  A jackal skeleton (D:4)
  7 rats
56 creatures vanquished.

Notes
Turn   | Place    | Note
--------------------------------------------------------------
     0 | D:1      | Grimoiregrey the Hill Orc Fighter began the quest for the Orb.
     0 | D:1      | Reached XP level 1. HP: 19/19 MP: 1/1
   304 | D:1      | Reached XP level 2. HP: 27/27 MP: 2/2
   968 | D:2      | Found an oddly glowing altar of Pakellas.
   968 | D:2      | Found Pakellas's Prime Provisions.
  1144 | D:2      | Reached XP level 3. HP: 15/33 MP: 3/3
  1161 | D:2      | Found a radiant altar of Vehumet.
  1656 | D:3      | Reached skill level 4 in Shields
  1896 | D:3      | Reached XP level 4. HP: 37/40 MP: 4/4
  2589 | D:3      | Reached skill level 1 in Dodging
  2596 | D:3      | Reached XP level 5. HP: 37/46 MP: 5/5
  2999 | D:4      | Reached skill level 5 in Shields
  3081 | D:4      | Reached XP level 6. HP: 30/53 MP: 6/6
  3147 | D:4      | Noticed Edmund
  3158 | D:4      | HP: 1/53 [poisoned by Edmund]
  3159 | D:4      | Succumbed to Edmund's poison

Skill      XL: |  1  2  3  4  5 |
---------------+----------------+-----
Axes           | 3 |  3.7
Shields        | 4 5 |  5.1
Armour         | 4 |  4.6
Fighting       | 4 |  4.4
Dodging        | 1 |  1.1
Stealth        | |  0.3

Action                   |  1- 3 |  4- 6 || total
-------------------------+-------+-------++-------
Melee: War axe           |   124 |   179 ||   303
  Use: Scroll            |     5 |     4 ||     9
  Eat: Meat ration       |     1 |       ||     1
       Bread ration      |       |     1 ||     1
Armor: Scale mail        |    46 |    15 ||    61
       Chain mail        |       |    69 ||    69
       Plate armour      |       |    29 ||    29
Dodge: Dodged            |    47 |    38 ||    85
Block: Shield            |    70 |    95 ||   165
